 Dungeon Crawl Stone Soup version 0.23-a0-303-gfcac5de (webtiles) character file.

23 Amnesiac the Ducker (level 2, -7/18 HPs)
             Began as a Deep Elf Fighter on Oct 8, 2018.
             Splashed by a jelly's acid (10 damage)
             ... on level 2 of the Dungeon.
             The game lasted 00:00:47 (269 turns).

Amnesiac the Ducker (Deep Elf Fighter)               Turns: 269, Time: 00:00:48

Health: -7/18      AC: -1    Str: 13    XL:     2   Next: 75%
Magic:  4/4        EV: 10    Int: 12    God:
Gold:   15         SH:  4    Dex: 14    Spells: 1/1 levels left

rFire    . . .     SeeInvis .   a - +0 long sword
rCold    . . .     Gourm    .   j - +0 buckler
rNeg     . . .     Faith    .   b - +0 scale mail
rPois    .         Spirit   .   (no helmet)
rElec    .         Reflect  .   (no cloak)
rCorr    .         Harm     .   (no gloves)
MR       .....                  (no boots)
Stlth    ..........             (no amulet)
HPRegen  0.06/turn              (no ring)
MPRegen  0.09/turn              (no ring)

@: corroded
A: no striking features
a: no special abilities


You were on level 2 of the Dungeon.
You were not hungry.

You visited 1 branch of the dungeon, and saw 2 of its levels.

You collected 15 gold pieces.

Inventory:

Hand Weapons
 a - a +0 long sword (weapon)
 c - a +0 hunting sling
Armour
 b - a +0 scale mail (worn)
 j - a +0 buckler (worn)
Scrolls
 e - 2 scrolls of identify {!r, unknown}
 h - a scroll of enchant weapon {!r, unknown}
 i - a scroll of remove curse {!r, unknown}
Potions
 d - a potion of might {!q}
Comestibles
 f - a ration
 g - 2 chunks of flesh


   Skills:
 + Level 2.4 Fighting
 - Level 2.0 Long Blades
 + Level 2.4 Armour
 - Level 2.7 Dodging
 - Level 2.4 Shields


You had one spell level left.
You didn't know any spells.
Your spell library was empty.

Dungeon Overview and Level Annotations

Branches:
Dungeon (2/15)

Altars:


Message History

No target in view!
No target in view!
No target in view!
Unknown command.
You see here a goblin corpse.
You butcher the goblin corpse.
g - 5 chunks of flesh (gained 1)
You see here a goblin skeleton.
You open the door.
There is an open door here.
Some of the chunks of flesh in your inventory have rotted away.
There is a stone staircase leading down here.
You climb downwards.
An adder comes into view.
The adder hisses angrily.
Found a hunting sling and a silvery potion.
There is a stone staircase leading up here.
An adder is nearby!
You miss the adder. The adder bites you but does no damage.
You hit the adder.
The adder is heavily wounded.
The adder misses you.
You riposte.
You slash the adder!
You kill the adder!
Training target 2.4 for Dodging reached!
You need to enable at least one skill for training.
A giant cockroach comes into view.
You see here an adder corpse.
You butcher the adder corpse.
Things that are here:
2 chunks of flesh; an adder skeleton
There is a stone staircase leading up here.
A jelly comes into view.
The jelly quivers.
The jelly moves out of view.
You see here a hunting sling.
c - a hunting sling
There is a stone staircase leading up here.
You hit the giant cockroach but do no damage.
The giant cockroach bites you but does no damage.
The giant cockroach closely misses you.
You hit the giant cockroach.
The giant cockroach is almost dead.
The giant cockroach closely misses you.
You riposte.
You barely miss the giant cockroach.
The giant cockroach is almost dead.
You slash the giant cockroach!
You kill the giant cockroach!
You hit the jelly.
Your hands burn!
The jelly is moderately wounded.
The jelly misses you.
You riposte.
You hit the jelly.
The jelly is heavily wounded.
The jelly hits you but does no damage.
You hit the jelly. The acid corrodes you!
Your hands burn!
* * * LOW HITPOINT WARNING * * *
The jelly is severely wounded.
The jelly hits you but does no damage.
You hit the jelly. The acid corrodes you!
Your hands burn!
* * * LOW HITPOINT WARNING * * *
The jelly is severely wounded.
The jelly hits you.
* * * LOW HITPOINT WARNING * * *
You are splashed with acid!
The acid burns!
Ouch! That really hurt!
You die...

#.# #!#
#.# #.#
#.# #.# .
#.# ...
#%#
.....###@#
.......J.#
..#..#####
#


You could see a jelly.

Vanquished Creatures
  An adder (D:2)
  An ooze (D:1)
  A giant cockroach (D:2)
  2 goblins (D:1)
  2 bats (D:1)
  A frilled lizard (D:1)
  A kobold (D:1)
  3 rats (D:1)
12 creatures vanquished.

Notes
Turn   | Place    | Note
-------+----------+-------------------------------------------
     0 | D:1      | Amnesiac the Deep Elf Fighter began the quest for the Orb.
     0 | D:1      | Reached XP level 1. HP: 13/13 MP: 3/3
    35 | D:1      | Reached skill level 1 in Dodging
   189 | D:1      | Reached XP level 2. HP: 13/18 MP: 4/4
   269 | D:2      | Splashed by a jelly's acid

Vault maps used:
D:1:      dpeg_arrival_subterranean_lakeside_camping, serial_bayou_pond_a,
          minmay_tree_intersection
D:2:      minmay_roachtagon, lemuel_round_altar, grunt_gozag_breadcrumbs,
          first_ration

Skill      XL: |  1 |
---------------+----+-----
Dodging        | 2 |  2.7
Long Blades    | 2 |  2.0
Fighting       | |  2.4
Armour         | |  2.4
Shields        | |  2.4

Action                   || total
-------------------------++-------
Melee: Long sword        ||    32
Armor: Scale mail        ||    15
Dodge: Dodged            ||    13
Block: Shield            ||    14
       Rpst.: Long sword ||     7

Table legend:
 A = Non-vault XP
 B = Vault XP
 C = Vault XP percentage of total XP
 D = Non-vault monster count
 E = Vault monster count
 F = Vault count percentage of total count
                 A         B        C        D         E       F
            +---------+---------+-------+---------+---------+-------
      Total |      27 |       7 |  20.6 |       7 |       5 |  41.7
            +---------+---------+-------+---------+---------+-------
        D:1 |      12 |       7 |  36.8 |       5 |       5 |  50.0
        D:2 |      15 |       0 |   0.0 |       2 |       0 |   0.0
            +---------+---------+-------+---------+---------+-------
